 Dungeon Crawl Stone Soup version 0.25-a0-420-g1cc7eeb0d1 (webtiles) character file.

Game seed: 17397237537749950294, levelgen mode: deterministic

16 tilp the Grave Robber (level 2, 0/19 HPs)
             Began as a Demonspawn Necromancer on Jan 19, 2020.
             Slain by a hobgoblin
             ... wielding a +0 club
              (1 damage)
             ... on level 1 of the Dungeon.
             The game lasted 00:02:25 (666 turns).

tilp the Grave Robber (Demonspawn Necromancer)       Turns: 666, Time: 00:02:26

Health: 0/19       AC:  2    Str:  8    XL:     2   Next: 37%
Magic:  3/5        EV: 11    Int: 16    God:
Gold:   34         SH:  0    Dex: 13    Spells: 3/5 levels left

rFire    . . .     SeeInvis .   a - +0 hand axe
rCold    . . .     Gourm    .   (no shield)
rNeg     . . .     Faith    .   g - -1 leather armour (curse)
rPois    .         Spirit   .   (no helmet)
rElec    .         Reflect  .   (no cloak)
rCorr    .         Harm     .   (no gloves)
MR       .....                  (no boots)
Stlth    +++.......             (no amulet)
HPRegen  0.06/turn              (no ring)
MPRegen  0.09/turn              (no ring)

@: no status effects
A: nightstalker 1
a: no special abilities


You were on level 1 of the Dungeon.
You were not hungry.

You visited 1 branch of the dungeon, and saw 1 of its levels.

You collected 34 gold pieces.

Inventory:

Hand Weapons
 a - a +0 hand axe (weapon)
Missiles
 e - 20 stones (quivered)
Armour
 g - a cursed -1 leather armour (worn)
Scrolls
 d - a scroll of identify
 f - 2 scrolls of amnesia {unknown}
Potions
 h - a potion of ambrosia {unknown}
 i - a potion of flight {unknown}
 j - 2 potions of brilliance {unknown}
Comestibles
 b - 4 chunks of flesh
 c - 4 rations


   Skills:
 - Level 1.7 Dodging
 - Level 1.7 Stealth
 - Level 2.0 Spellcasting
 + Level 5.1 Necromancy


You had 3 spell levels left.
You knew the following spells:

 Your Spells              Type           Power        Failure   Level  Hunger
a - Pain                  Necr           ###.         3%          1    #......
b - Animate Skeleton      Necr           N/A          3%          1    #......

Your spell library contained the following spells:

 Spells                   Type           Power        Failure   Level  Hunger
 Vampiric Draining        Necr           ###.......   11%         3    ###....
 Animate Dead             Necr           N/A          34%         4    #####..
 Agony                    Necr           ###.....     69%         5    ######.


Dungeon Overview and Level Annotations

Branches:
Dungeon (1/15)

Altars:


Innate Abilities, Weirdness & Mutations

You are slightly more attuned to the shadows.


Message History

* * * LOW HITPOINT WARNING * * *
Unknown command.
Your frilled lizard skeleton closely misses the bat.
The bat closely misses you.
You miss the leopard gecko.
The leopard gecko is lightly wounded.
You hit the bat. The bat barely misses you.
The bat hits your frilled lizard skeleton.
The kobold hits your frilled lizard skeleton with a +0 dagger.
The leopard gecko bites you.
* * * LOW HITPOINT WARNING * * *
Your frilled lizard skeleton bites the kobold but does no damage.
You closely miss the leopard gecko.
The leopard gecko is lightly wounded.
The bat hits you.
* * * LOW HITPOINT WARNING * * *
The leopard gecko closely misses you.
The kobold hits your frilled lizard skeleton with a +0 dagger.
The leopard gecko barely misses you. The hobgoblin hits you with a +0 club.
You die...

.. #.... . .....
.. ######..... #.#
#.g........ #..
#.blK...... ####
#!@gZ...... ....
####Z###+# ####
#.# ...
#Z##############
#........Z.....Z
###...############
#######.........#
#...............#
##
#...............#
#.


You could see a leopard gecko, a hobgoblin, a goblin, a bat, a kobold, a
friendly frilled lizard skeleton and a friendly goblin skeleton.

Vanquished Creatures
  2 giant cockroaches (D:1)
  2 bats (D:1)
  A frilled lizard (D:1)
  A goblin (D:1)
  4 kobolds (D:1)
  7 rats (D:1)
17 creatures vanquished.

Vanquished Creatures (collateral kills)
  A ball python (D:1)
1 creature vanquished.

Grand Total: 18 creatures vanquished

Notes
Turn   | Place    | Note
-------+----------+-------------------------------------------
     0 | D:1      | tilp the Demonspawn Necromancer began the quest for the
                  | Orb.
     0 | D:1      | Reached XP level 1. HP: 13/13 MP: 3/3
    71 | D:1      | Learned a level 1 spell: Animate Skeleton
   432 | D:1      | Gained mutation: You are slightly more attuned to the
                  | shadows. [demonic ancestry]
   432 | D:1      | Reached XP level 2. HP: 15/19 MP: 5/5
   536 | D:1      | Reached skill level 5 in Necromancy
   666 | D:1      | Slain by a hobgoblin

Levels and vault maps discovered:
D:1:      minmay_arrival_nine_rooms, layout_basic

Skill      XL: |  1  2 |
---------------+-------+-----
Necromancy     | 5 |  5.1
Dodging        | |  1.7
Stealth        | |  1.7
Spellcasting   | |  2.0

Action                   || total
-------------------------++-------
Melee: Hand axe          ||    32
 Cast: Pain              ||    11
       Animate Skeleton  ||     7
  Use: Scroll            ||     1
 Stab: Sleeping          ||     2
Armor: Robe              ||     4
       Leather armour    ||     5
Dodge: Dodged            ||    32

Table legend:
 A = Non-vault XP
 B = Vault XP
 C = Vault XP percentage of total XP
 D = Non-vault monster count
 E = Vault monster count
 F = Vault count percentage of total count
                 A         B        C        D         E       F
            +---------+---------+-------+---------+---------+-------
      Total |      23 |       0 |   0.0 |      18 |       0 |   0.0
            +---------+---------+-------+---------+---------+-------
        D:1 |      23 |       0 |   0.0 |      18 |       0 |   0.0
            +---------+---------+-------+---------+---------+-------
